 Dungeon Crawl Stone Soup version 0.29.1-2-gbd0b4ee654 (webtiles) character file.

Game seed: 3721710569845832888

177 jiml777 the Gusty (level 5, -6/38 HPs)
             Began as a Demigod Air Elementalist on Nov 3, 2022.
             Killed from afar by Edmund (13 damage)
             ... with a puff of flame
             ... on level 4 of the Dungeon.
             The game lasted 00:26:11 (3985 turns).

jiml777 the Gusty (Demigod Air Elementalist)        Turns: 3985, Time: 00:26:12

Health: -6/38      AC:  3    Str:  9    XL:     5   Next: 9%
Magic:  4/12       EV: 12    Int: 21    God:
Gold:   148        SH:  0    Dex: 14    Spells: 3/9 levels left

rFire   . . .      SeeInvis .   z - staff of air
rCold   . . .      Faith    .   (no shield)
rNeg    . . .      Spirit   .   x - +0 robe
rPois   .          Reflect  .   y - +0 helmet
rElec   +          Harm     .   (no cloak)
rCorr   +          Rampage  .   (no gloves)
Will    .....                   (no boots)
Stlth   ++........              (no amulet)
HPRegen 0.12/turn               d - ring of resist corrosion
MPRegen 0.13/turn               q - ring of wizardry

@: no status effects
A: high MP 1, forlorn, divine attributes
a: no special abilities


You were on level 4 of the Dungeon.
You visited 1 branch of the dungeon, and saw 4 of its levels.

You collected 148 gold pieces.

Inventory:

Hand Weapons
 e - a +0 dagger
 j - a +0 spear
 k - the +9 dagger "Rukaritaa" {drain, Contam rF+++ rC+ Int+2}
   (You found it on level 2 of the Dungeon)

   A truly terrible weapon, it drains the life of any living foe it strikes.
   Int:       It affects your intelligence (+2).
   rF:        It renders you almost immune to fire.
   rC:        It protects you from cold.
   Contam:    It causes magical contamination when unequipped.
 v - a +2 short sword of flaming
Missiles
 s - 20 stones
Armour
 x - a +0 robe (worn)
 y - a +0 helmet (worn)
Magical Staves
 h - a staff of conjuration
 z - a staff of air (weapon)
Jewellery
 d - a ring of resist corrosion (left hand)
 n - a +6 ring of dexterity
 q - a ring of wizardry (right hand)
 t - an amulet of guardian spirit
 D - a ring of flight
Scrolls
 c - a scroll of enchant weapon {unknown}
 f - a scroll of poison {unknown}
 g - a scroll of magic mapping {unknown}
 l - a scroll of butterflies
 m - a scroll of amnesia {unknown}
 o - a scroll of silence {unknown}
 w - a scroll of teleportation {unknown}
 A - a scroll of fear {unknown}
Potions
 a - a potion of mutation
 b - a potion of magic
 i - a potion of attraction {unknown}
 p - 2 potions of berserk rage {unknown}
 r - a potion of curing
 u - a potion of degeneration {unknown}
 B - a potion of might {unknown}
 C - a potion of lignification {unknown}
 E - a potion of heal wounds {unknown}


   Skills:
 + Level 1.9 Dodging
 + Level 2.1 Stealth
 + Level 2.8 Spellcasting
 + Level 2.4 Conjurations
 + Level 4.0 Air Magic


You had 3 spell levels left.
You knew the following spells:

 Your Spells              Type           Power      Damage    Failure   Level
a - Shock                 Conj/Air       96%        1d9       1%          1
b - Static Discharge      Conj/Air       24%        3-6/arc   2%          2
c - Swiftness             Air            29%        N/A       3%          3

Your spell library contained the following spells:

 Spells                   Type           Power      Damage    Failure   Level
 Scorch                   Fire           6%         2d5       9%          2
 Airstrike                Air            14%        2d(3-19)  11%         4
 Flame Wave               Conj/Fire      8%         2d5       32%         4
 Summon Cactus Giant      Summ           1%         N/A       100%        6


Dungeon Overview and Level Annotations

Branches:
Dungeon (4/15)
 Temple: D:4-7

Portals:
Abyss: D:4

Annotations:
D:4 2 transporters, Cheops's ghost, amateur DrCj; Edmund


Innate Abilities, Weirdness & Mutations

You have an increased reservoir of magic. (+10% MP)
You shall have no god before yourself.
Your divine heritage dramatically boosts your attributes as you level up.


Message History

The puff of flame hits you.
An orc comes into view. It is wielding a +2 vorpal war axe.
Edmund hits you with a +1 flail of protection!
Casting: Shock (safe; 1% risk of failure)
Confirm with . or Enter, or press ? or * to list all spells.
Aiming: Shock (safe; 1% risk of failure)
Press: ? - help, Shift-Dir - straight line You feel a surge of power!
The zap hits Edmund but does no damage.
Edmund is heavily wounded.
The zap misses Edmund.
Edmund hits you with a +1 flail of protection!
Casting: Shock (safe; 1% risk of failure)
Confirm with . or Enter, or press ? or * to list all spells.
Aiming: Shock (safe; 1% risk of failure)
Press: ? - help, Shift-Dir - straight line You feel a surge of power!
The zap hits Edmund.
Edmund is heavily wounded.
The zap hits Edmund.
Edmund is severely wounded.
You feel a bit more experienced.
The orc wizard hits you but does no damage.
Edmund zaps a wand.
The puff of flame hits you!
* * * LOW HITPOINT WARNING * * *
Casting: Shock (safe; 1% risk of failure)
Confirm with . or Enter, or press ? or * to list all spells.
Aiming: Shock (safe; 1% risk of failure)
Press: ? - help, Shift-Dir - straight line You feel a surge of power!
The zap hits Edmund!
Edmund is severely wounded.
The zap hits Edmund.
Edmund is almost dead.
The orc wizard hits you with a +0 dagger.
* * * LOW HITPOINT WARNING * * *
Edmund hits you with a +1 flail of protection!
* * * LOW HITPOINT WARNING * * *
You feel better.
The orc wizard hits you with a +0 dagger.
* * * LOW HITPOINT WARNING * * *
Edmund zaps a wand.
The puff of flame hits you!
You die...

...................#
.............#.....#
...................#
........#..........#
#............#.....#
#.......#..#.......#
#..........##......#
..........###......#
...........##..o@..#
.........#.##.###@##
.......#.#.##.# ....
....##...#.##.#
...... #..##
.......# #..##
.:.....# ....#
####....# .##.##
....# .##..#


You could see Edmund and an orc wizard.

Vanquished Creatures
  Robin (D:3)
  3 gnolls (D:3)
  6 adders
  A worm (D:2)
  A dart slug (D:4)
  8 orcs
  7 endoplasms
  3 giant cockroaches
  9 goblins
  10 hobgoblins
  2 kobolds
  4 quokkas
  5 ball pythons
  3 bats
  2 frilled lizards
  5 rats
70 creatures vanquished.

Vanquished Creatures (others)
  4 plants (D:4)
4 creatures vanquished.

Grand Total: 74 creatures vanquished

Notes
Turn   | Place    | Note
-------+----------+-------------------------------------------
     0 | D:1      | jiml777 the Demigod Air Elementalist began the quest for
                  | the Orb.
     0 | D:1      | Reached XP level 1. HP: 14/14 MP: 5/5
   215 | D:1      | Reached skill level 3 in Air Magic
   638 | D:1      | Reached XP level 2. HP: 12/20 MP: 4/7
  1015 | D:1      | Reached skill level 1 in Conjurations
  1255 | D:2      | Learned a level 2 spell: Static Discharge
  1523 | D:2      | Identified the +9 dagger "Rukaritaa" {drain, Contam rF+++
                  | rC+ Int+2}
  1730 | D:2      | Reached XP level 3. HP: 26/26 MP: 4/8
  2035 | D:2      | Learned a level 3 spell: Swiftness
  2541 | D:3      | Reached XP level 4. HP: 26/33 MP: 4/9
  3040 | D:3      | Noticed Robin
  3044 | D:3      | Killed Robin
  3542 | D:4      | Found a transporter.
  3556 | D:4      | Found a one-way gate to the infinite horrors of the Abyss.
  3556 | D:4      | Noticed Cheops's ghost (amateur DrCj)
  3566 | D:4      | Found a transporter.
  3627 | D:4      | Reached skill level 4 in Air Magic
  3633 | D:4      | Reached XP level 5. HP: 38/38 MP: 7/12
  3973 | D:4      | Noticed Edmund
  3985 | D:4      | Killed from afar by Edmund

Illustrated notes

Levels and vault maps discovered:
D:1:      heliophobic_arrival_glass_houses, layout_basic,
          nicolae_ecumenical_snake_handling, nicolae_titane
D:2:      layout_rooms, minmay_misc_feat_enclosed
D:3:      layout_loops_ring, guppyfry_early_lair_pool, uniq_robin
D:4:      layout_rooms, grunt_ashenzari_visionary
          [grunt_ashenzari_visionary_shoals, grunt_ashenzari_visionary_snake],
          fedhas_altar_1, mainiacjoe_overflow_alcove_4,
          gammafunk_ghost_abyssal_escape, chequers_big_river,
          minmay_stone_trees_small, uniq_edmund

Skill      XL: |  1  2  3  4 |
---------------+-------------+-----
Air Magic      | 3 4 |  4.0
Conjurations   | 1 2 |  2.4
Spellcasting   | 2 |  2.8
Stealth        | 2 |  2.1
Dodging        | |  1.9

Action                   |  1- 3 |  4- 6 || total
-------------------------+-------+-------++-------
Melee: Staff             |       |    37 ||    37
 Cast: Shock             |    72 |    60 ||   132
  Use: Scroll            |       |     3 ||     3
       Potion            |       |     1 ||     1
Armor: Robe              |     2 |    11 ||    13
Dodge: Dodged            |    18 |    47 ||    65
